TOP OF THE 1ST |
Johnson City Cardinals batting - Pitching for Kingsport Mets : RHP Dong-choon Park
|
Pitching: RHP Dong-choon Park
|
|
Batting: LHB Jasper Schoonhoven
|
0-0: Ball 1-0: TRIPLE (Flyball, 89XD, EV 93.8 MPH)
|
Batting: RHB Steve DeWald
|
0-0: Called Strike 0-1: Swinging Strike 0-2: Fly out, F7 (Flyball, 78M, EV 84.4 MPH) Runner from 3rd tags up, OUT at HOME! 7-2
|
Batting: RHB Alex Rangel
|
0-0: Ball 1-0: Ground out 1-3 (Groundball, 13, EV 78.8 MPH)
|
Top of the 1st over - 0 runs, 1 hit, 0 errors, 0 left on base; Johnson City 0 - Kingsport 0 |
BOTTOM OF THE 1ST |
Kingsport Mets batting - Pitching for Johnson City Cardinals : RHP Nathan Wade
|
Pitching: RHP Nathan Wade
|
|
Batting: RHB Antonio Cacheiro
|
0-0: Foul Ball, location: 2F 0-1: Ground out 6-3 (Groundball, 6, EV 88.8 MPH)
|
Batting: RHB Ricky Rivera
|
0-0: Foul Ball, location: 2F 0-1: Ball 1-1: DOUBLE (Flyball, 8RD, EV 96.9 MPH)
|
Batting: RHB Roger Abrego
|
0-0: Ball 1-0: Fly out, F9 (Flyball, 89D, EV 102.5 MPH)
|
Batting: LHB Edwin Aguilar
|
0-0: Called Strike 0-1: Ball 1-1: Ball 2-1: Fly out, F7 (Flyball, 7, EV 93.1 MPH)
|
Bottom of the 1st over - 0 runs, 1 hit, 0 errors, 1 left on base; Johnson City 0 - Kingsport 0 |
TOP OF THE 2ND |
Johnson City Cardinals batting - Pitching for Kingsport Mets : RHP Dong-choon Park
|
Batting: RHB Shoma Higashi
|
0-0: Ball 1-0: Ball 2-0: Called Strike 2-1: Ground out 4-3 (Groundball, 4, EV 87.5 MPH)
|
Batting: RHB Jason Recker
|
0-0: Called Strike 0-1: Foul Ball, location: 2F 0-2: Ball 1-2: Foul Ball, location: 2F 1-2: Foul Ball, location: 2F 1-2: Ball 2-2: Strikes out swinging
|
Batting: RHB Dave Brabo
|
0-0: Swinging Strike 0-1: Ball 1-1: Foul Ball, location: 2F 1-2: Foul Ball, location: 2F 1-2: Strikes out swinging
|
Top of the 2nd over - 0 runs, 0 hits, 0 errors, 0 left on base; Johnson City 0 - Kingsport 0 |
BOTTOM OF THE 2ND |
Kingsport Mets batting - Pitching for Johnson City Cardinals : RHP Nathan Wade
|
Batting: SHB Jacob Dobrosky
|
0-0: Ball 1-0: Foul Ball, location: 2F 1-1: SINGLE (Line Drive, 6D, EV 103.1 MPH)
|
Batting: RHB Roberto Luis
|
0-0: Ball 1-0: Foul Ball, location: 2F 1-1: Ball 2-1: Ball 3-1: Base on Balls Jacob Dobrosky to second
|
Batting: RHB Juan Padilla
|
0-0: Ball 1-0: Ball Wild Pitch! Jacob Dobrosky to third Roberto Luis to second 2-0: Called Strike 2-1: Ball 3-1: Base on Balls
|
Batting: SHB Scott Scott
|
0-0: Fielders Choice at 2nd, U6 (Groundball, 4M, EV 103.1 MPH) Jacob Dobrosky scores Roberto Luis to third
|
Batting: RHB Dong-choon Park
|
0-0: Swinging Strike 0-1: Ball 1-1: Bunted foul 1-2: Foul Ball, location: 2F 1-2: Bunted foul, Strikeout!
|
Batting: RHB Antonio Cacheiro
|
Pickoff Throw to First - Out! 1-3
|
Bottom of the 2nd over - 1 run, 1 hit, 0 errors, 1 left on base; Johnson City 0 - Kingsport 1 |
TOP OF THE 3RD |
Johnson City Cardinals batting - Pitching for Kingsport Mets : RHP Dong-choon Park
|
Batting: LHB Jalen Morton
|
0-0: Foul Ball, location: 2F 0-1: Swinging Strike 0-2: Fly out, F8 (Flyball, 78D, EV 108.1 MPH)
|
Batting: SHB Josh Young
|
0-0: Ball 1-0: Ball 2-0: Ground out 6-3 (Groundball, 6, EV 83.8 MPH)
|
Batting: RHB Nathan Wade
|
0-0: Foul Ball, location: 2F 0-1: Called Strike 0-2: Foul Ball, location: 2F 0-2: Ball 1-2: Strikes out looking
|
Top of the 3rd over - 0 runs, 0 hits, 0 errors, 0 left on base; Johnson City 0 - Kingsport 1 |
BOTTOM OF THE 3RD |
Kingsport Mets batting - Pitching for Johnson City Cardinals : RHP Nathan Wade
|
Batting: RHB Antonio Cacheiro
|
0-0: Called Strike 0-1: Called Strike 0-2: Ball 1-2: Ball 2-2: Ball 3-2: Base on Balls
|
Batting: RHB Ricky Rivera
|
0-0: Called Strike Antonio Cacheiro steals 2nd base 0-1: Ball Wild Pitch! Antonio Cacheiro to third 1-1: Swinging Strike 1-2: Strikes out looking
|
Batting: RHB Roger Abrego
|
0-0: Called Strike 0-1: Called Strike 0-2: Ball 1-2: Fly out, F7 (Flyball, 7LS, EV 91.3 MPH)
|
Batting: LHB Edwin Aguilar
|
0-0: Foul Ball, location: 2F 0-1: Ball 1-1: Foul Ball, location: 2F 1-2: SINGLE (Groundball, P, EV 67.5 MPH) (infield hit) Antonio Cacheiro scores
|
Batting: SHB Jacob Dobrosky
|
0-0: Ball 1-0: Ball 2-0: Swinging Strike 2-1: Ball Passed Ball! Edwin Aguilar to second 3-1: SINGLE (Groundball, 56D, EV 96.9 MPH) Edwin Aguilar to third Runner from 3rd tries for Home, SAFE, no throw by LF
|
Batting: RHB Roberto Luis
|
0-0: Swinging Strike Passed Ball! Jacob Dobrosky to second 0-1: Foul Ball, location: 2F 0-2: Foul Ball, location: 2F 0-2: Ball Wild Pitch! Jacob Dobrosky to third 1-2: Foul Ball, location: 2F 1-2: Ground out 1-3 (Groundball, P, EV 88.1 MPH)
|
Bottom of the 3rd over - 2 runs, 2 hits, 0 errors, 1 left on base; Johnson City 0 - Kingsport 3 |
TOP OF THE 4TH |
Johnson City Cardinals batting - Pitching for Kingsport Mets : RHP Dong-choon Park
|
Batting: LHB Jasper Schoonhoven
|
0-0: Foul Ball, location: 2F 0-1: Swinging Strike 0-2: Ground out 1-3 (Groundball, 34S, EV 81.9 MPH)
|
Batting: RHB Steve DeWald
|
0-0: SINGLE (Line Drive, 8RS, EV 93.8 MPH)
|
Batting: RHB Alex Rangel
|
0-0: Ball 1-0: Called Strike 1-1: Ball 2-1: Fly out, F8 (Flyball, 8RD, EV 96.3 MPH)
|
Batting: RHB Shoma Higashi
|
0-0: DOUBLE (Line Drive, 7LD, EV 113.1 MPH) Steve DeWald to third Runner from 3rd tries for Home, SAFE, no throw by LF
|
Batting: RHB Jason Recker
|
0-0: Ball 1-0: Foul Ball, location: 2F 1-1: Ball 2-1: Ball 3-1: Called Strike 3-2: Strikes out swinging
|
Top of the 4th over - 1 run, 2 hits, 0 errors, 1 left on base; Johnson City 1 - Kingsport 3 |
BOTTOM OF THE 4TH |
Kingsport Mets batting - Pitching for Johnson City Cardinals : RHP Nathan Wade
|
Batting: RHB Juan Padilla
|
0-0: Fly out, F8 (Flyball, 8RM, EV 93.8 MPH)
|
Batting: SHB Scott Scott
|
0-0: Swinging Strike 0-1: Called Strike 0-2: Ball 1-2: Foul Ball, location: 2F 1-2: Strikes out looking
|
Batting: RHB Dong-choon Park
|
0-0: Ball 1-0: Ball 2-0: SINGLE (Groundball, 56D, EV 95.6 MPH)
|
Batting: RHB Antonio Cacheiro
|
0-0: Called Strike 0-1: DOUBLE (Flyball, 8RD, EV 86.9 MPH) Dong-choon Park to third Runner from 3rd tries for Home, SAFE, throw by CF to trailing runner, SAFE at third!
|
Batting: RHB Ricky Rivera
|
0-0: Ball 1-0: Ball 2-0: Ball 3-0: Called Strike 3-1: Swinging Strike 3-2: Strikes out looking
|
Bottom of the 4th over - 1 run, 2 hits, 0 errors, 1 left on base; Johnson City 1 - Kingsport 4 |
TOP OF THE 5TH |
Johnson City Cardinals batting - Pitching for Kingsport Mets : RHP Dong-choon Park
|
Batting: RHB Dave Brabo
|
0-0: Fly out, F8 (Line Drive, 8RM, EV 105.6 MPH)
|
Batting: LHB Jalen Morton
|
0-0: Called Strike 0-1: Ball 1-1: Ball 2-1: DOUBLE (Groundball, 3L, EV 101.3 MPH)
|
Batting: SHB Josh Young
|
0-0: Ball 1-0: Ball 2-0: Called Strike 2-1: Swinging Strike 2-2: Ground out 4-3 (Groundball, 34D, EV 107.5 MPH) Jalen Morton to third
|
Pinch Hitting: LHB Jon Olesen
|
0-0: Foul Ball, location: 2F 0-1: TRIPLE (Flyball, 78XD, EV 90.6 MPH) Jalen Morton scores
|
Batting: LHB Jasper Schoonhoven
|
0-0: Ball 1-0: Foul Ball, location: 2F 1-1: Foul Ball, location: 2F 1-2: Ball 2-2: Foul Ball, location: 2F 2-2: Ground out 4-3 (Groundball, 4MS, EV 88.8 MPH)
|
Top of the 5th over - 1 run, 2 hits, 0 errors, 1 left on base; Johnson City 2 - Kingsport 4 |
BOTTOM OF THE 5TH |
Kingsport Mets batting - Pitching for Johnson City Cardinals : RHP Nathan Wade
|
Pitching: RHP Pavlushshenka Zilbert
|
|
Batting: RHB Roger Abrego
|
0-0: Ball 1-0: Swinging Strike 1-1: Fly out, F9 (Flyball, 9S, EV 91.9 MPH)
|
Batting: LHB Edwin Aguilar
|
0-0: Ball 1-0: Called Strike 1-1: Foul Ball, location: 2F 1-2: Ground out 4-3 (Groundball, 4, EV 80.0 MPH)
|
Batting: SHB Jacob Dobrosky
|
0-0: Fly out, F9 (Flyball, 9LMF, EV 93.1 MPH)
|
Bottom of the 5th over - 0 runs, 0 hits, 0 errors, 0 left on base; Johnson City 2 - Kingsport 4 |
TOP OF THE 6TH |
Johnson City Cardinals batting - Pitching for Kingsport Mets : RHP Dong-choon Park
|
Batting: RHB Steve DeWald
|
0-0: Called Strike 0-1: Ground out 4-3 (Groundball, 4, EV 100.0 MPH)
|
Batting: RHB Alex Rangel
|
0-0: Ground out 1-3 (Groundball, 34S, EV 93.8 MPH)
|
Batting: RHB Shoma Higashi
|
0-0: DOUBLE (Line Drive, 9LS, EV 99.4 MPH)
|
Batting: RHB Jason Recker
|
0-0: Ground out 4-3 (Groundball, 4, EV 105.0 MPH)
|
Top of the 6th over - 0 runs, 1 hit, 0 errors, 1 left on base; Johnson City 2 - Kingsport 4 |
BOTTOM OF THE 6TH |
Kingsport Mets batting - Pitching for Johnson City Cardinals : RHP Pavlushshenka Zilbert
|
Batting: RHB Roberto Luis
|
0-0: Fly out, F7 (Flyball, 78S, EV 86.9 MPH)
|
Batting: RHB Juan Padilla
|
0-0: Ball 1-0: Fly out, F4 (Popup, 34, EV 72.5 MPH)
|
Batting: SHB Scott Scott
|
0-0: Ball 1-0: Ground out 6-3 (Groundball, 6S, EV 78.1 MPH)
|
Bottom of the 6th over - 0 runs, 0 hits, 0 errors, 0 left on base; Johnson City 2 - Kingsport 4 |
TOP OF THE 7TH |
Johnson City Cardinals batting - Pitching for Kingsport Mets : RHP Dong-choon Park
|
Batting: RHB Dave Brabo
|
0-0: Ball 1-0: DOUBLE (Line Drive, 5D, EV 108.8 MPH)
|
Batting: LHB Jalen Morton
|
0-0: SINGLE (Groundball, 34D, EV 98.1 MPH) Dave Brabo to third Runner from 3rd tries for Home, SAFE, throw by RF to home Jalen Morton to second
|
Pinch Hitting: SHB Ben van Halem
|
0-0: Ball Wild Pitch! Jalen Morton to third 1-0: Foul Ball, location: 2F 1-1: Ball 2-1: Foul Ball, location: 2F 2-2: Foul Ball, location: 2F 2-2: Strikes out swinging
|
Pinch Hitting: RHB George O'Grady
|
0-0: Called Strike 0-1: Called Strike 0-2: Ball 1-2: Strikes out swinging
|
Pitching: LHP Cesar Mendoza
|
|
Batting: LHB Jasper Schoonhoven
|
0-0: Swinging Strike 0-1: Foul Ball, location: 2F 0-2: Strikes out swinging
|
Top of the 7th over - 1 run, 2 hits, 0 errors, 1 left on base; Johnson City 3 - Kingsport 4 |
BOTTOM OF THE 7TH |
Kingsport Mets batting - Pitching for Johnson City Cardinals : RHP Pavlushshenka Zilbert
|
Pitching: RHP Ron Rawl
|
|
Now in RF: Omar Guardado
|
|
Pinch Hitting: RHB Dawud bin Kaseeb
|
0-0: Ground out 5-3 (Groundball, 5, EV 88.1 MPH)
|
Batting: RHB Antonio Cacheiro
|
0-0: Ball 1-0: Ball 2-0: Ground out 6-3 (Groundball, 6, EV 79.4 MPH)
|
Batting: RHB Ricky Rivera
|
0-0: Swinging Strike 0-1: Foul Ball, location: 2F 0-2: Foul Ball, location: 2F 0-2: Foul Ball, location: 2F 0-2: Ground out 4-3 (Groundball, 4, EV 86.3 MPH)
|
Bottom of the 7th over - 0 runs, 0 hits, 0 errors, 0 left on base; Johnson City 3 - Kingsport 4 |
TOP OF THE 8TH |
Johnson City Cardinals batting - Pitching for Kingsport Mets : LHP Cesar Mendoza
|
Pitching: RHP Kent Foster
|
|
Batting: RHB Steve DeWald
|
0-0: Called Strike 0-1: Ball 1-1: Ball 2-1: SINGLE (Line Drive, 7LM, EV 89.4 MPH)
|
Batting: RHB Alex Rangel
|
0-0: Ball 1-0: Foul Ball, location: 2F 1-1: Swinging Strike 1-2: Fielders Choice at 2nd, 1-6 (Groundball, 34S, EV 84.4 MPH)
|
Batting: RHB Shoma Higashi
|
0-0: SINGLE (Groundball, 4MD, EV 95.0 MPH) Alex Rangel to second
|
Batting: RHB Jason Recker
|
0-0: Ball 1-0: Ball 2-0: Ball 3-0: Base on Balls Alex Rangel to third Shoma Higashi to second
|
Batting: RHB Dave Brabo
|
0-0: Ball 1-0: SINGLE (Groundball, 56, EV 83.8 MPH) (infield hit) Alex Rangel scores Shoma Higashi to third Jason Recker to second
|
Batting: LHB Jalen Morton
|
0-0: Fly out, F8 (Line Drive, 8LM, EV 96.3 MPH) Lined into DP, 8-5 (Line Drive, 8LM, EV 96.3 MPH)
|
Top of the 8th over - 1 run, 3 hits, 0 errors, 2 left on base; Johnson City 4 - Kingsport 4 |
BOTTOM OF THE 8TH |
Kingsport Mets batting - Pitching for Johnson City Cardinals : RHP Ron Rawl
|
Batting: RHB Roger Abrego
|
0-0: Ball 1-0: Ball 2-0: Foul Ball, location: 2F 2-1: Ball 3-1: Called Strike 3-2: Base on Balls
|
Batting: LHB Edwin Aguilar
|
0-0: Ball Passed Ball! Roger Abrego to second 1-0: Intentional Walk
|
Batting: SHB Jacob Dobrosky
|
0-0: Called Strike 0-1: Ball Passed Ball! Roger Abrego to third Edwin Aguilar to second 1-1: Ball Wild Pitch! Roger Abrego scores Edwin Aguilar to third 2-1: Ball Passed Ball! Edwin Aguilar scores 3-1: Base on Balls
|
Batting: RHB Roberto Luis
|
0-0: Bunted foul 0-1: Bunt missed! 0-2: Fielders Choice at 2nd, 3-6 (Groundball, 3, EV 82.5 MPH)
|
Pitching: RHP Mike Gruba
|
|
Batting: RHB Juan Padilla
|
0-0: Called Strike 0-1: Called Strike 0-2: Fly out, F8 (Flyball, 8RD, EV 86.3 MPH)
|
Batting: SHB Scott Scott
|
0-0: Called Strike 0-1: Foul Ball, location: 2F 0-2: Ball 1-2: Ball 2-2: Ball Passed Ball! Roberto Luis to second 3-2: Base on Balls
|
Pinch Hitting: RHB Ion Ploestean
|
0-0: Ball 1-0: Swinging Strike Passed Ball! Roberto Luis to third Scott Scott to second 1-1: Ball Wild Pitch! Roberto Luis scores Scott Scott to third 2-1: Called Strike 2-2: Strikes out looking
|
Bottom of the 8th over - 3 runs, 0 hits, 0 errors, 1 left on base; Johnson City 4 - Kingsport 7 |
TOP OF THE 9TH |
Johnson City Cardinals batting - Pitching for Kingsport Mets : RHP Kent Foster
|
Pitching: RHP Riso Profanter
|
|
Batting: SHB Omar Guardado
|
0-0: Ground out 1-3 (Groundball, 25, EV 80.0 MPH)
|
Pinch Hitting: RHB Tony Mejia
|
0-0: Called Strike 0-1: Ball 1-1: Ball 2-1: SINGLE (Line Drive, 89S, EV 110.6 MPH)
|
Batting: LHB Jasper Schoonhoven
|
0-0: Called Strike 0-1: Ball 1-1: Ball 2-1: Called Strike 2-2: Foul Ball, location: 2F 2-2: DOUBLE (Line Drive, 78M, EV 88.1 MPH) Tony Mejia to third
|
Batting: RHB Steve DeWald
|
0-0: Called Strike 0-1: Ball 1-1: Swinging Strike 1-2: Ground out 1-3 (Groundball, 13, EV 80.6 MPH)
|
Batting: RHB Alex Rangel
|
0-0: Called Strike 0-1: Ball 1-1: Called Strike 1-2: Strikes out looking
|
Top of the 9th over - 0 runs, 2 hits, 0 errors, 2 left on base; Johnson City 4 - Kingsport 7 |
|